 Dungeon Crawl Stone Soup version 0.27-a0-1560-g8cdb131 (webtiles) character file.

Game seed: 7909501437621498049

122 Meow the Skirmisher (level 5, 10/47 HPs)
             Began as a Ghoul Fighter on July 16, 2021.
             Quit the game on level 3 of the Dungeon.
             The game lasted 00:04:39 (1672 turns).

Meow the Skirmisher (Ghoul Fighter)                 Turns: 1672, Time: 00:04:39

Health: 10/47      AC:  6    Str: 21    XL:     5   Next: 6%
Magic:  4/4        EV:  7    Int:  3    God:
Gold:   31         SH:  8    Dex:  8    Spells: 4/4 levels left

rFire    . . .     SeeInvis .   a - +0 war axe
rCold    + + .     Faith    .   c - +0 kite shield
rNeg     + + +     Spirit   .   b - +0 scale mail
rPois    ∞         Reflect  .   (no helmet)
rElec    .         Harm     .   (no cloak)
rCorr    .         Rampage  .   (no gloves)
Will     .....                  (no boots)
Stlth    ..........             (no amulet)
HPRegen  0.15/turn              m - ring of protection from cold
MPRegen  0.09/turn              (no ring)

@: no status effects
A: claws 1, cold resistance 1, negative energy resistance 3, inhibited
regeneration, torment resistance 2
a: no special abilities


You were on level 3 of the Dungeon.
You visited 1 branch of the dungeon, and saw 3 of its levels.

You collected 31 gold pieces.

Inventory:

Hand Weapons
 a - a +0 war axe (weapon)
Missiles
 g - 138 stones (quivered)
 i - 13 arrows
 n - 7 datura-tipped darts
Armour
 b - a +0 scale mail (worn)
 c - a +0 kite shield (worn)
Jewellery
 m - a ring of protection from cold (left claw)
Scrolls
 f - a scroll of noise {unknown}
 h - a scroll of teleportation {unknown}
 j - 3 scrolls of enchant weapon {unknown}
Potions
 d - 3 potions of might
 e - a potion of haste {unknown}
 k - a potion of brilliance
 l - a potion of resistance
 o - a potion of cancellation {unknown}


   Skills:
 + Level 4.9 Fighting
 + Level 3.4 Axes
 - Level 2.6 Armour
 - Level 2.6 Shields


You had 4 spell levels left.
You didn't know any spells.
Your spell library contained the following spells:

 Spells                   Type           Power      Damage    Failure   Level
 Corona                   Hex            0%         N/A       100%        1
 Ensorcelled Hibernation  Hex/Ice        0%         N/A       100%        2
 Tukima's Dance           Hex            0%         N/A       100%        3


Dungeon Overview and Level Annotations

Branches:
Dungeon (3/15)

Altars:


Innate Abilities, Weirdness & Mutations

You thrive by killing the living.
You are immune to poison.
You have sharp fingernails.
Your flesh is cold resistant. (rC+)
You are immune to negative energy. (rN+++)
You do not regenerate when monsters are visible.
You are immune to unholy pain and torment.


Message History

Ijyb hits you but does no damage.
Unknown command.
You miss Ijyb.
Ijyb is heavily wounded.
Ijyb hits you with a +0 dagger.
* * * LOW HITPOINT WARNING * * *
Unknown command.
You slash Ijyb!
Ijyb is almost dead.
Ijyb barely misses you. You block Ijyb's attack.
Unknown command.
You barely miss Ijyb.
Ijyb is almost dead.
Ijyb barely misses you.
Unknown command.
You slash Ijyb!
You kill Ijyb!
You feel better. You block the kobold's attack.
You have reached level 5!
You feel stronger.
You hit the kobold but do no damage.
The kobold hits you with a +0 short sword.
* * * LOW HITPOINT WARNING * * *
You miss the kobold. You block the kobold's attack.
The kobold hits you but does no damage.
Unknown command.
Your shield and scale mail prevent you from hitting the kobold.
You block the kobold's attack.
The kobold hits you with a +0 short sword.
* * * LOW HITPOINT WARNING * * *
Unknown command.
You hit the kobold.
You kill the kobold!
You feel better.
Unknown command.
g - 138 stones (gained 3)
Things that are here:
a +0 short sword; a +0 dagger; a +2 leather armour of cold resistance Unknown command.
Are you sure you want to abandon this character and quit the game? (Confirm with "yes".)

###########
#.........#
#.........#
######....†....#
.....#####@#####
......###..#
...g...#...#
.......#...####
...Kg.........##
...............##
................#
.......<........#
.
................#


There were no monsters in sight!

Vanquished Creatures
  Ijyb (D:3)
  Terence (D:3)
  2 adders
  2 dart slugs (D:1)
  6 bats
  8 endoplasms
  A giant cockroach (D:2)
  3 goblins (D:1)
  3 hobgoblins
  2 jackals (D:3)
  5 kobolds
  3 quokkas
  5 ball pythons
  10 rats
52 creatures vanquished.

Notes
Turn   | Place    | Note
-------+----------+-------------------------------------------
     0 | D:1      | Meow the Ghoul Fighter began the quest for the Orb.
     0 | D:1      | Reached XP level 1. HP: 19/19 MP: 0/0
    99 | D:1      | Reached XP level 2. HP: 26/26 MP: 1/1
   140 | D:1      | Found a faded altar of an unknown god.
   538 | D:1      | Reached XP level 3. HP: 33/33 MP: 2/2
   558 | D:1      | Reached skill level 4 in Fighting
  1405 | D:3      | Reached XP level 4. HP: 30/41 MP: 3/3
  1516 | D:3      | Noticed Terence
  1552 | D:3      | Killed Terence
  1628 | D:3      | Noticed Ijyb
  1642 | D:3      | Paralysed by Ijyb for 4 turns
  1648 | D:3      | Paralysed by Ijyb for 3 turns
  1656 | D:3      | Paralysed by Ijyb for 3 turns
  1665 | D:3      | Killed Ijyb
  1666 | D:3      | Reached XP level 5. HP: 14/47 MP: 4/4
  1672 | D:3      | Quit the game

Illustrated notes

Levels and vault maps discovered:
D:1:      dpeg_arrival_shrine, layout_loops_cross,
          shapermc_ecumenical_altar_totnotflames, serial_park_tiny_pond
D:2:      layout_basic
D:3:      layout_rooms, uniq_terence, uniq_ijyb

Skill      XL: |  1  2  3 |
---------------+----------+-----
Axes           | 2 3 |  3.4
Fighting       | 4 |  4.9
Armour         | |  2.6
Shields        | |  2.6

Action                   |  1- 3 |  4- 6 || total
-------------------------+-------+-------++-------
Melee: War axe           |   135 |    50 ||   185
  Use: Scroll            |     2 |       ||     2
Armor: Scale mail        |    72 |    30 ||   102
Dodge: Dodged            |    43 |    24 ||    67
Block: Kite shield       |    71 |    18 ||    89

Table legend: (Time is in decaauts)
 A = Elapsed time spent in this place.
 B = Non-inter-level travel time spent in this place.
 C = Inter-level travel time spent in this place.
 D = Time resting spent in this place.
 E = Time spent auto-exploring this place.
 F = Levels seen in this place.
 G = Mean time per level.
                   A        B        C        D        E       F      G
               +--------+--------+--------+--------+--------+-----+--------+
         Total |   1784 |   1773 |     11 |     58 |   1175 |   3 |  594.7 |
       Dungeon |   1784 |   1773 |     11 |     58 |   1175 |   3 |  594.7 |
               +--------+--------+--------+--------+--------+-----+--------+

Top non-repeatable levels by time:
     D:1: 745 daAuts
     D:2: 659 daAuts
     D:3: 379 daAuts
